| TOP OF THE 1ST |
|
Miami (APP) Marlins batting - Pitching for Missoula Osprey : RHP Adam Maida
|
|
Pitching: RHP Adam Maida
|
|
|
Batting: RHB Adrian Bocker
|
0-0: Called Strike 0-1: Foul Ball, location: 2F 0-2: Strikes out swinging
|
|
Batting: RHB Jason Thrash
|
0-0: Ball 1-0: Ball 2-0: Foul Ball, location: 2F 2-1: Ball 3-1: Called Strike 3-2: Strikes out looking
|
|
Batting: RHB Mario Cota
|
0-0: Called Strike 0-1: Called Strike 0-2: Strikes out swinging
|
| Top of the 1st over - 0 runs, 0 hits, 0 errors, 0 left on base; Miami (APP) 0 - Missoula 0 |
| BOTTOM OF THE 1ST |
|
Missoula Osprey batting - Pitching for Miami (APP) Marlins : RHP Adam Brown
|
|
Pitching: RHP Adam Brown
|
|
|
Batting: RHB Nate Spencer
|
0-0: Ball 1-0: Ball 2-0: Ball 3-0: Called Strike 3-1: Swinging Strike 3-2: Base on Balls
|
|
Batting: RHB Paul Schreiber
|
0-0: Ball 1-0: SINGLE (Groundball, 6D, EV 106.3 MPH) Nate Spencer to second
|
|
Batting: SHB Evan Armagost
|
0-0: Called Strike 0-1: Ball 1-1: Ball 2-1: Foul Ball, location: 2F 2-2: Ball 3-2: 3-RUN HOME RUN (Flyball, 9LD, EV 93.1 MPH), Distance : 332 ft
|
|
Batting: SHB Blaine Peters
|
0-0: Ball 1-0: Called Strike 1-1: Ball 2-1: Foul Ball, location: 2F 2-2: SINGLE (Groundball, 4S, EV 98.1 MPH)
|
|
Pitching: RHP Matt Alexander
|
|
|
Batting: LHB Dillon Rizzuto
|
0-0: Ball Blaine Peters steals 2nd base 1-0: Ball 2-0: Ball Wild Pitch! Blaine Peters to third 3-0: Base on Balls
|
|
Batting: LHB Jeff Harmon
|
0-0: Ball 1-0: Called Strike 1-1: Foul Ball, location: 2F 1-2: Ball 2-2: Ball 3-2: Base on Balls Dillon Rizzuto to second
|
|
Batting: RHB Ernesto Zamora
|
0-0: Ball Passed Ball! Blaine Peters scores Dillon Rizzuto to third Jeff Harmon to second 1-0: Foul Ball, location: 2F 1-1: Ball 2-1: Ground out 6-3 (Groundball, 6, EV 86.3 MPH) Dillon Rizzuto scores
|
|
Batting: SHB Lee Dillon
|
0-0: Ball 1-0: Ball 2-0: Called Strike 2-1: Foul Ball, location: 2F 2-2: Strikes out swinging
|
|
Pitching: LHP Tyler Murders
|
|
|
Batting: RHB Hyeok Shon
|
0-0: Ball 1-0: Called Strike 1-1: Ground out U3 (Groundball, 3, EV 106.3 MPH)
|
| Bottom of the 1st over - 5 runs, 3 hits, 0 errors, 1 left on base; Miami (APP) 0 - Missoula 5 |
| TOP OF THE 2ND |
|
Miami (APP) Marlins batting - Pitching for Missoula Osprey : RHP Adam Maida
|
|
Batting: SHB Matt Moore
|
0-0: Foul Ball, location: 2F 0-1: Foul Ball, location: 2F 0-2: Ground out 6-3 (Groundball, 4S, EV 78.8 MPH)
|
|
Batting: RHB Keith Bennett
|
0-0: Ball 1-0: Ground out 4-3 (Groundball, 34, EV 84.4 MPH)
|
|
Batting: RHB Rick Knoblauch
|
0-0: Called Strike 0-1: Swinging Strike 0-2: Strikes out swinging
|
| Top of the 2nd over - 0 runs, 0 hits, 0 errors, 0 left on base; Miami (APP) 0 - Missoula 5 |
| BOTTOM OF THE 2ND |
|
Missoula Osprey batting - Pitching for Miami (APP) Marlins : LHP Tyler Murders
|
|
Batting: RHB Nate Spencer
|
0-0: Ball 1-0: DOUBLE (Groundball, 5L, EV 105.0 MPH)
|
|
Batting: RHB Paul Schreiber
|
0-0: Called Strike 0-1: Called Strike 0-2: Ball 1-2: Ball 2-2: Fly out, F8 (Flyball, 8RD, EV 100.0 MPH)
|
|
Batting: SHB Evan Armagost
|
0-0: Ball 1-0: Ball 2-0: Ball 3-0: Called Strike 3-1: Base on Balls
|
|
Batting: SHB Blaine Peters
|
0-0: Ball 1-0: Called Strike 1-1: Fielders Choice at 2nd, 1-6 (Groundball, 13S, EV 73.1 MPH) Nate Spencer to third
|
|
Batting: LHB Dillon Rizzuto
|
0-0: Called Strike 0-1: Called Strike 0-2: Ground out 4-3 (Groundball, 4, EV 98.8 MPH)
|
| Bottom of the 2nd over - 0 runs, 1 hit, 0 errors, 2 left on base; Miami (APP) 0 - Missoula 5 |
| TOP OF THE 3RD |
|
Miami (APP) Marlins batting - Pitching for Missoula Osprey : RHP Adam Maida
|
|
Batting: LHB Gavrilo Brkic
|
0-0: Called Strike 0-1: Swinging Strike 0-2: Ball 1-2: Strikes out swinging
|
|
Batting: LHB Melvin Castro
|
0-0: Ball 1-0: SINGLE (Groundball, 56D, EV 96.3 MPH)
|
|
Batting: LHB Bryan Wedge
|
0-0: Bunt missed! 0-1: Bunt missed! 0-2: Sac Bunt to 23 - play at first, batter OUT! 3-4 Melvin Castro to second
|
|
Batting: RHB Adrian Bocker
|
0-0: Ball 1-0: Foul Ball, location: 2F 1-1: Foul Ball, location: 2F 1-2: Fly out, F7 (Line Drive, 7, EV 89.4 MPH)
|
| Top of the 3rd over - 0 runs, 1 hit, 0 errors, 1 left on base; Miami (APP) 0 - Missoula 5 |
| BOTTOM OF THE 3RD |
|
Missoula Osprey batting - Pitching for Miami (APP) Marlins : LHP Tyler Murders
|
|
Batting: LHB Jeff Harmon
|
0-0: Called Strike 0-1: Ball 1-1: Ball 2-1: Ball 3-1: Swinging Strike 3-2: Strikes out swinging
|
|
Batting: RHB Ernesto Zamora
|
0-0: Foul Ball, location: 2F 0-1: Swinging Strike 0-2: Ball 1-2: Ball 2-2: Ball 3-2: SINGLE (Line Drive, 7LS, EV 108.1 MPH)
|
|
Batting: SHB Lee Dillon
|
0-0: Called Strike 0-1: Fielders Choice at 2nd, 5-4 (Groundball, 56, EV 87.5 MPH)
|
|
Batting: RHB Hyeok Shon
|
0-0: Called Strike Lee Dillon steals 2nd base 0-1: Ball 1-1: Foul Ball, location: 2F 1-2: Fly out, F6 (Popup, 6MD, EV 50.6 MPH)
|
| Bottom of the 3rd over - 0 runs, 1 hit, 0 errors, 1 left on base; Miami (APP) 0 - Missoula 5 |
| TOP OF THE 4TH |
|
Miami (APP) Marlins batting - Pitching for Missoula Osprey : RHP Adam Maida
|
|
Batting: RHB Jason Thrash
|
0-0: Foul Ball, location: 2F 0-1: Swinging Strike 0-2: Strikes out looking
|
|
Batting: RHB Mario Cota
|
0-0: Called Strike 0-1: Ball 1-1: Foul Ball, location: 2F 1-2: Ball 2-2: Foul Ball, location: 2F 2-2: Ball 3-2: Ground out 5-3 (Groundball, 56, EV 102.5 MPH)
|
|
Batting: SHB Matt Moore
|
0-0: Called Strike 0-1: Ground out 4-3 (Groundball, 34D, EV 103.1 MPH)
|
| Top of the 4th over - 0 runs, 0 hits, 0 errors, 0 left on base; Miami (APP) 0 - Missoula 5 |
| BOTTOM OF THE 4TH |
|
Missoula Osprey batting - Pitching for Miami (APP) Marlins : LHP Tyler Murders
|
|
Batting: RHB Nate Spencer
|
0-0: Called Strike 0-1: Ball 1-1: Foul Ball, location: 2F 1-2: Strikes out looking
|
|
Batting: RHB Paul Schreiber
|
0-0: Called Strike 0-1: Called Strike 0-2: Fly out, F8 (Flyball, 8LXD, EV 90.0 MPH)
|
|
Batting: SHB Evan Armagost
|
0-0: Ball 1-0: Ball 2-0: Ball 3-0: Called Strike 3-1: Base on Balls
|
|
Batting: SHB Blaine Peters
|
0-0: Ball 1-0: Called Strike 1-1: Ball 2-1: Called Strike 2-2: Reached on error, E5 (Groundball, 56, EV 101.9 MPH) Evan Armagost to second
|
|
Batting: LHB Dillon Rizzuto
|
0-0: Ball 1-0: Called Strike 1-1: Called Strike 1-2: Foul Ball, location: 2F 1-2: Foul Ball, location: 2F 1-2: Ball 2-2: Strikes out swinging
|
| Bottom of the 4th over - 0 runs, 0 hits, 1 error, 2 left on base; Miami (APP) 0 - Missoula 5 |
| TOP OF THE 5TH |
|
Miami (APP) Marlins batting - Pitching for Missoula Osprey : RHP Adam Maida
|
|
Batting: RHB Keith Bennett
|
0-0: Ground out 5-3 (Groundball, 56S, EV 71.9 MPH)
|
|
Batting: RHB Rick Knoblauch
|
0-0: Ball 1-0: Foul Ball, location: 2F 1-1: SINGLE (Flyball, 7LS, EV 98.8 MPH)
|
|
Batting: LHB Gavrilo Brkic
|
0-0: Called Strike 0-1: Grounds into double play, 4-6-3 (Groundball, 4, EV 80.0 MPH)
|
| Top of the 5th over - 0 runs, 1 hit, 0 errors, 0 left on base; Miami (APP) 0 - Missoula 5 |
| BOTTOM OF THE 5TH |
|
Missoula Osprey batting - Pitching for Miami (APP) Marlins : LHP Tyler Murders
|
|
Pitching: RHP Jeremy Akande
|
|
|
Batting: LHB Jeff Harmon
|
0-0: Ball 1-0: SINGLE (Groundball, 56D, EV 103.1 MPH)
|
|
Batting: RHB Ernesto Zamora
|
0-0: Fielders Choice at 2nd, 5-4 (Groundball, 56, EV 86.9 MPH)
|
|
Batting: SHB Lee Dillon
|
0-0: Ball Passed Ball! Ernesto Zamora to second 1-0: Ball 2-0: Swinging Strike 2-1: Ball 3-1: Foul Ball, location: 2F 3-2: SINGLE (Groundball, 6MD, EV 100.0 MPH) Ernesto Zamora to third Runner from 3rd tries for Home, SAFE, throw by CF to home
|
|
Batting: RHB Hyeok Shon
|
0-0: Swinging Strike 0-1: SINGLE (Groundball, 13S, EV 73.8 MPH) (infield hit) Lee Dillon to second
|
|
Batting: RHB Nate Spencer
|
0-0: Called Strike 0-1: Ball 1-1: Ball 2-1: Foul Ball, location: 2F 2-2: Foul Ball, location: 2F 2-2: Fielders Choice at 2nd, 5-4 (Groundball, 56, EV 98.1 MPH) Lee Dillon to third
|
|
Batting: RHB Paul Schreiber
|
0-0: Ball 1-0: Called Strike 1-1: Ball 2-1: Foul Ball, location: 2F 2-2: Ball 3-2: Foul Ball, location: 2F 3-2: DOUBLE (Groundball, 5L, EV 105.0 MPH) Lee Dillon scores Nate Spencer to third Nate Spencer scores
|
|
Batting: SHB Evan Armagost
|
0-0: Swinging Strike 0-1: Ball 1-1: Foul Ball, location: 2F 1-2: Ball 2-2: 2-RUN HOME RUN (Flyball, 7D, EV 93.1 MPH), Distance : 342 ft
|
|
Pitching: LHP Mike Wasson
|
|
|
Batting: SHB Blaine Peters
|
0-0: SINGLE (Line Drive, 9S, EV 95.6 MPH)
|
|
Batting: LHB Dillon Rizzuto
|
0-0: Foul Ball, location: 2F 0-1: Swinging Strike 0-2: Foul Ball, location: 2F 0-2: Ball 1-2: Ball 2-2: Strikes out looking
|
| Bottom of the 5th over - 5 runs, 6 hits, 0 errors, 1 left on base; Miami (APP) 0 - Missoula 10 |
| TOP OF THE 6TH |
|
Miami (APP) Marlins batting - Pitching for Missoula Osprey : RHP Adam Maida
|
|
Batting: LHB Melvin Castro
|
0-0: Ball 1-0: Called Strike 1-1: Called Strike 1-2: Strikes out swinging
|
|
Batting: LHB Bryan Wedge
|
0-0: Called Strike 0-1: Called Strike 0-2: Strikes out swinging
|
|
Batting: RHB Adrian Bocker
|
0-0: Ball 1-0: Called Strike 1-1: Ball 2-1: Ball 3-1: Base on Balls
|
|
Pitching: RHP Jaden Peterson
|
|
|
Batting: RHB Jason Thrash
|
0-0: SINGLE (Line Drive, 78M, EV 90.6 MPH) Adrian Bocker to second
|
|
Batting: RHB Mario Cota
|
0-0: Called Strike 0-1: Ball 1-1: Fielders Choice at 2nd, 6-4 (Groundball, 6, EV 82.5 MPH)
|
| Top of the 6th over - 0 runs, 1 hit, 0 errors, 2 left on base; Miami (APP) 0 - Missoula 10 |
| BOTTOM OF THE 6TH |
|
Missoula Osprey batting - Pitching for Miami (APP) Marlins : LHP Mike Wasson
|
|
Batting: LHB Jeff Harmon
|
0-0: Swinging Strike 0-1: Ball 1-1: Foul Ball, location: 2F 1-2: Strikes out looking
|
|
Batting: RHB Ernesto Zamora
|
0-0: Ball 1-0: Ground out 1-3 (Groundball, 13S, EV 70.6 MPH)
|
|
Batting: SHB Lee Dillon
|
0-0: Ball 1-0: Called Strike 1-1: SOLO HOME RUN (Flyball, 7D, EV 92.5 MPH), Distance : 355 ft
|
|
Batting: RHB Hyeok Shon
|
0-0: Ball 1-0: Ball 2-0: Ball 3-0: Base on Balls
|
|
Batting: RHB Nate Spencer
|
0-0: Foul Ball, location: 2F 0-1: Foul Ball, location: 2F 0-2: Ball 1-2: Strikes out swinging
|
| Bottom of the 6th over - 1 run, 1 hit, 0 errors, 1 left on base; Miami (APP) 0 - Missoula 11 |
| TOP OF THE 7TH |
|
Miami (APP) Marlins batting - Pitching for Missoula Osprey : RHP Jaden Peterson
|
|
Batting: SHB Matt Moore
|
0-0: Ball 1-0: Foul Ball, location: 2F 1-1: Ball 2-1: Called Strike 2-2: Foul Ball, location: 2F 2-2: Ground out U3 (Groundball, 34, EV 81.9 MPH)
|
|
Batting: RHB Keith Bennett
|
0-0: Foul Ball, location: 2F 0-1: Called Strike 0-2: Ball 1-2: Foul Ball, location: 2F 1-2: Strikes out looking
|
|
Batting: RHB Rick Knoblauch
|
0-0: Called Strike 0-1: Ball 1-1: Foul Ball, location: 2F 1-2: Ball 2-2: Strikes out swinging
|
| Top of the 7th over - 0 runs, 0 hits, 0 errors, 0 left on base; Miami (APP) 0 - Missoula 11 |
| BOTTOM OF THE 7TH |
|
Missoula Osprey batting - Pitching for Miami (APP) Marlins : LHP Mike Wasson
|
|
Pinch Hitting: RHB Edwin Romero
|
0-0: Ball 1-0: Ball 2-0: Called Strike 2-1: Foul Ball, location: 2F 2-2: Ball 3-2: Foul Ball, location: 2F 3-2: Strikes out looking
|
|
Batting: SHB Evan Armagost
|
0-0: Ball 1-0: Ball 2-0: Called Strike 2-1: Ball 3-1: Base on Balls
|
|
Pinch Hitting: SHB Nate Neumann
|
0-0: Ball 1-0: Ball 2-0: Called Strike Pickoff Throw by Catcher to First - Out! 2-1: Ball 3-1: Foul Ball, location: 2F 3-2: Foul Ball, location: 2F 3-2: Ground out 6-3 (Groundball, 4M, EV 101.3 MPH)
|
| Bottom of the 7th over - 0 runs, 0 hits, 0 errors, 0 left on base; Miami (APP) 0 - Missoula 11 |
| TOP OF THE 8TH |
|
Miami (APP) Marlins batting - Pitching for Missoula Osprey : RHP Jaden Peterson
|
|
Now in LF: Edwin Romero
|
|
|
Now in RF: Steve Machol
|
|
|
Batting: LHB Gavrilo Brkic
|
0-0: Swinging Strike 0-1: Ball 1-1: Swinging Strike 1-2: Strikes out swinging
|
|
Batting: LHB Melvin Castro
|
0-0: Ground out U3 (Groundball, 34, EV 104.4 MPH)
|
|
Batting: LHB Bryan Wedge
|
0-0: Foul Ball, location: 2F 0-1: Foul Ball, location: 2F 0-2: Ball 1-2: Strikes out swinging
|
| Top of the 8th over - 0 runs, 0 hits, 0 errors, 0 left on base; Miami (APP) 0 - Missoula 11 |
| BOTTOM OF THE 8TH |
|
Missoula Osprey batting - Pitching for Miami (APP) Marlins : LHP Mike Wasson
|
|
Pinch Hitting: RHB Chad Mendoza
|
0-0: Ball 1-0: Ball 2-0: Ball 3-0: Base on Balls
|
|
Batting: LHB Jeff Harmon
|
0-0: Ball 1-0: Ball 2-0: 2-RUN HOME RUN (Flyball, 9D, EV 91.3 MPH), Distance : 337 ft
|
|
Batting: RHB Ernesto Zamora
|
0-0: Called Strike 0-1: Fly out, F7 (Flyball, 7, EV 93.1 MPH)
|
|
Batting: SHB Lee Dillon
|
0-0: Fly out, F4 (Flyball, 34D, EV 92.5 MPH)
|
|
Batting: RHB Hyeok Shon
|
0-0: Foul Ball, location: 2F 0-1: Called Strike 0-2: Ball 1-2: Ground out 6-3 (Groundball, 4M, EV 91.3 MPH)
|
| Bottom of the 8th over - 2 runs, 1 hit, 0 errors, 0 left on base; Miami (APP) 0 - Missoula 13 |
| TOP OF THE 9TH |
|
Miami (APP) Marlins batting - Pitching for Missoula Osprey : RHP Jaden Peterson
|
|
Now at 1B: Chad Mendoza
|
|
|
Batting: RHB Adrian Bocker
|
0-0: Called Strike 0-1: SINGLE (Groundball, 56D, EV 107.5 MPH)
|
|
Batting: RHB Jason Thrash
|
0-0: Called Strike 0-1: Ball 1-1: Ball 2-1: Fly out, F8 (Flyball, 8LM, EV 85.0 MPH)
|
|
Pitching: LHP Heath Henderson
|
|
|
Batting: RHB Mario Cota
|
0-0: Foul Ball, location: 2F 0-1: Called Strike 0-2: Strikes out swinging
|
|
Batting: SHB Matt Moore
|
0-0: Swinging Strike 0-1: Called Strike 0-2: Ball 1-2: Ground out 5-3 (Groundball, 56S, EV 82.5 MPH)
|
| Top of the 9th over - 0 runs, 1 hit, 0 errors, 1 left on base; Miami (APP) 0 - Missoula 13 |
|